 Dungeon Crawl Stone Soup version 0.32-a0-616-g9348d4545b (webtiles) character file.

Game seed: 10895581227741424432

20 Fodor the Trooper (level 2, -6/22 (27) HPs)
             Began as a Minotaur Fighter on Mar 5, 2024.
             Mangled by Terence
             ... wielding a +2 flail of draining
              (9 damage)
             ... on level 1 of the Dungeon.
             The game lasted 00:01:45 (853 turns).

Fodor the Trooper (Minotaur Fighter)                 Turns: 853, Time: 00:01:45

HP:   -6/22 (27)    AC:  7    Str: 20    XL:     2   Next: 58%
MP:   1/1           EV:  9    Int:  5    God:
Gold: 57            SH:  4    Dex:  9    Spells: 1/1 levels left

rFire   . . .        a - +0 war axe
rCold   . . .        c - +0 buckler
rNeg    . . .        b - +0 scale mail
rPois   .            (helmet restricted)
rElec   .            (no cloak)
rCorr   .            (no gloves)
SInv    .            (no boots)
Will    .....        (no amulet) Stlth
                     (no ring)
HPRegen 0.23/turn    (no ring)
MPRegen 0.07/turn

%: no passive effects
@: heavily drained
A: horns 2, retaliatory headbutt
a: no special abilities


You were on level 1 of the Dungeon.
You visited 1 branch of the dungeon, and saw 2 of its levels.

You collected 57 gold pieces.

Inventory:

Hand Weapons
 a - a +0 war axe (weapon)
Armour
 b - a +0 scale mail (worn)
 c - a +0 buckler (worn)
Talismans
 f - a beast talisman
Scrolls
 g - a scroll of teleportation {unknown}
 h - 2 scrolls of identify {unknown}
 i - a scroll of fog {unknown}
 j - a scroll of blinking {unknown}
 k - a scroll of brand weapon {unknown}
Potions
 d - a potion of might
 e - 2 potions of resistance {unknown}


   Skills:
 + Level 4.1 Fighting
 + Level 2.5 Axes
 + Level 3.8 Armour
 + Level 0.1 Dodging
 + Level 4.0 Shields


You had one spell level left.
You didn't know any spells.
Your spell library was empty.

Dungeon Overview and Level Annotations

Branches:
Dungeon (2/15)

Altars:

Annotations:
D:1 Terence


Innate Abilities, Weirdness & Mutations

You have a pair of horns on your head.
You reflexively headbutt those who attack you in melee.


Message History

You see here a +0 leather armour.
A rat comes into view.
The rat squeaks loudly.
You barely miss the rat. You headbutt the rat.
You kill the rat!
h - 2 scrolls labelled EFULIG YBB (gained 1) Done exploring.
Done exploring.
You see here a +0 leather armour.
There is a stone staircase leading down here.
You climb downwards.
Terence shouts!
The ball python hisses angrily.
The goblin shouts!
Found 13 gold pieces.
There is a stone staircase leading up here.
Found a pair of gloves.
Found a stone staircase leading up.
You block Terence's attack.
You hit Terence but do no damage. Your headbutt misses Terence.
You closely miss the ball python. You block the ball python's attack.
The ball python barely misses you. x3; Terence hits you but does no damage.
You feel drained.
You closely miss Terence. You slash the ball python!
You kill the ball python!
Terence barely misses you. You furiously retaliate!
You headbutt Terence. You hit Terence but do no damage.
Terence is moderately wounded.
Terence hits you with a +2 flail of draining!
You feel drained.
Terence hits you with a +2 flail of draining!
* * * LOW HITPOINT WARNING * * *
You feel drained.
* * * LOW HITPOINT WARNING * * *
Terence barely misses you.
There is a stone staircase leading up here.
You can't go down here!
Terence barely misses you. You furiously retaliate!
You headbutt Terence!
You climb upwards.
There is a stone staircase leading down here.
Terence hits you with a +2 flail of draining!
You die...
Terence says, "That felt goooood."

........####....#.#.######.......
.......## #......#.# ##..#.##
#.†...## #.##...#.# ##.#.##
##...#######.##...#.# ####.#.##
.............##...#.# #......##
#####.#####.........# #.##.####
#.# #.####.#### #.##.# #
#.#####.####@# #.##.####
#.#.........@# #........
#^#.###.###### #..#####.
#.#.###.# #..# #. #####....)..#
#..#####. ........##### #........
######### ##.#####. #.......
########


You could see Terence.

Vanquished Creatures
  A dart slug (D:1)
  2 endoplasms (D:1)
  3 goblins (D:1)
  2 hobgoblins (D:1)
  A quokka (D:1)
  4 ball pythons
  2 kobolds (D:1)
  2 rats (D:1)
17 creatures vanquished.

Notes
Turn   | Place    | Note
-------+----------+-------------------------------------------
     0 | D:1      | Fodor the Minotaur Fighter began the quest for the Orb.
     0 | D:1      | Reached XP level 1. HP: 19/19 MP: 0/0
   250 | D:1      | Reached XP level 2. HP: 27/27 MP: 1/1
   842 | D:2      | Noticed Terence
   853 | D:1      | Mangled by Terence

Illustrated notes

Levels and vault maps discovered:
D:1:      wander_arrival_estate, layout_loops_corners
D:2:      minmay_angry_zag, layout_loops_ring, uniq_sigmund,
          uniq_crazy_yiuf_cottage, uniq_terence

Skill      XL: |  1  2 |
---------------+-------+-----
Fighting       | 4 |  4.1
Shields        | 4 |  4.0
Axes           | |  2.5
Armour         | |  3.8
Dodging        | |  0.1

Action                     || total
---------------------------++-------
  Melee: War axe           ||    41
         Headbutt          ||     8
 Armour: Scale mail        ||    32
  Dodge: Dodged            ||    23
  Block: Buckler           ||    15

Table legend: (Time is in decaauts)
 A = Elapsed time spent in this place.
 B = Non-inter-level travel time spent in this place.
 C = Inter-level travel time spent in this place.
 D = Time resting spent in this place.
 E = Time spent auto-exploring this place.
 F = Levels seen in this place.
 G = Mean time per level.
                   A        B        C        D        E       F      G
               +--------+--------+--------+--------+--------+-----+--------+
         Total |    870 |    840 |     30 |     26 |    604 |   2 |  435.0 |
       Dungeon |    870 |    840 |     30 |     26 |    604 |   2 |  435.0 |
               +--------+--------+--------+--------+--------+-----+--------+

Top non-repeatable levels by time:
     D:1: 859 daAuts
     D:2: 10 daAuts
